 Dungeon Crawl Stone Soup version 0.17.1-3-g152610e (webtiles) character file.

36 jacquesderrida the Caller (level 3, 2/24 HPs)
             Began as a Demonspawn Summoner on Apr 6, 2016.
             Quit the game on level 3 of the Dungeon.
             The game lasted 00:04:54 (878 turns).

jacquesderrida the Caller (Demonspawn Summoner)      Turns: 878, Time: 00:04:54

Health: 2/24       AC:  5    Str:  9    XL:     3   Next: 19%
Magic:  2/6        EV: 11    Int: 16    God:
Gold:   78         SH:  0    Dex: 13    Spells: 3 memorised, 0 levels left

rFire  . . .     SeeInvis .     d - +0 spear
rCold  . . .     Clarity  .     a - +0 robe
rNeg   . . .     SustAt   .     (no shield)
rPois  .         Gourm    .     (no helmet)
rElec  .         Spirit   .     (no cloak)
rCorr  .         Warding  .     (no gloves)
rMut   .         Stasis   .     (no boots)
MR     .....                    (no amulet)
Stlth  ++........               (no ring)
                                (no ring)

@: not resistant to hostile enchantments, unstealthy
A: icy blue scales 2
a: no special abilities


You were on level 3 of the Dungeon.
You were not hungry.

You visited 1 branch of the dungeon, and saw 4 of its levels.

You collected 78 gold pieces.

Inventory:

Hand Weapons
 d - a +0 spear (weapon)
 h - a +1 mace of holy wrath
 j - a +0 whip
Missiles
 f - 3 tomahawks (quivered)
 i - a throwing net
Armour
 a - a +0 robe (worn)
Scrolls
 g - a scroll of enchant weapon {unknown}
 k - a scroll of blinking {unknown}
 l - a scroll of identify {unknown}
 m - a scroll of fear {unknown}
Potions
 e - a potion of curing
Books
 b - a book of Callings

   Spells                             Type                      Level
   a - Summon Small Mammal            Summoning                    1
   b - Call Imp                       Summoning                    2
   c - Call Canine Familiar           Summoning                    3
   d - Summon Guardian Golem          Hexes/Summoning              3
   e - Summon Lightning Spire         Summoning/Air                4
   f - Summon Ice Beast               Ice/Summoning                4
Comestibles
 c - a bread ration


   Skills:
 - Level 1.7 Dodging
 - Level 1.7 Stealth
 - Level 2.0 Spellcasting
 + Level 5.1 Summonings


You couldn't memorise any spells.
You knew the following spells:

 Your Spells              Type           Power        Failure   Level  Hunger
a - Summon Small Mammal   Summ           ###.         2%          1    #......
b - Call Imp              Summ           ###.....     4%          2    ###....
c - Call Canine Familiar  Summ           ###.....     10%         3    ###....


Dungeon Overview and Level Annotations

Branches:
Dungeon (4/15)
 Temple: D:4-7

Altars:

Annotations:
D:4 jacquesderrida's ghost, weakling HESu


Innate Abilities, Weirdness & Mutations

You are mostly covered in icy blue scales (AC +3, EV -1).


Message History

The orc priest invokes the aid of Beogh against you.
Something smites you!
The orc wizard hits your hound but does no damage.
Your hound closely misses the orc wizard.
Attack whom?
Press: ? - help, Dir - move target cursor, f/p - orc wizard
Aim: an orc wizard, wielding a dagger and wearing a robe (moderately wounded, fast)
You could not reach far enough!
Your hound bites the orc wizard.
The orc wizard hits your hound but does no damage.
The orc priest casts a cantrip, but nothing happens.
Your hound bites the orc wizard.
The orc wizard barely misses your hound.
The orc priest mumbles some strange prayers to Beogh against you.
Something smites you!
Ouch! That really hurt!
* * * LOW HITPOINT WARNING * * *
Unknown command.
Unknown command.
Enter note: FAKKKKKKKKK Are you sure you want to abandon this character and quit the game? (Confirm with "yes".)

#o##.##.#
#.....##.#
#>##.##.#
#.######.#
#.##....####.# #.#
#...(........# #.#
######$.####.# #.#
#...# #.# #.#
###..<####.######.#
#......o##o.......#
#....@h).oo##.#####
#.......#####.#
###...### #.#
.....# #)# #######
#.# #.# (.# ###


You could see an orc priest, an orc wizard, 2 orcs and a friendly hound.

Vanquished Creatures
  A bat (D:3)
  3 jackals
  A ball python (D:2)
  A giant newt (D:2)
  A goblin (D:2)
  2 kobolds
  3 rats
12 creatures vanquished.

Vanquished Creatures (collateral kills)
  3 gnolls
  A worm (D:2)
  An orc (D:3)
  A bat (D:2)
  A goblin (D:1)
  A hobgoblin (D:3)
  A kobold (D:3)
  A giant gecko (D:3)
  A giant newt (D:1)
  2 rats
13 creatures vanquished.

Grand Total: 25 creatures vanquished

Notes
Turn   | Place    | Note
--------------------------------------------------------------
     0 | D:1      | jacquesderrida the Demonspawn Summoner began the quest for the Orb.
     0 | D:1      | Reached XP level 1. HP: 13/13 MP: 3/3
   275 | D:2      | Gained mutation: You are partially covered in icy blue scales (AC +1). [demonic ancestry]
   275 | D:2      | Reached XP level 2. HP: 14/19 MP: 1/5
   358 | D:4      | Learned a level 2 spell: Call Imp
   406 | D:4      | Noticed jacquesderrida's ghost (weakling HESu)
   417 | D:4      | Noticed an ogre
   731 | D:2      | Reached skill level 5 in Summonings
   742 | D:2      | Gained mutation: You are mostly covered in icy blue scales (AC +3, EV -1). [demonic ancestry]
   742 | D:2      | Reached XP level 3. HP: 18/24 MP: 4/6
   851 | D:2      | Learned a level 3 spell: Call Canine Familiar
   878 | D:3      | FAKKKKKKKKK
   878 | D:3      | Quit the game

Action                   || total
-------------------------++-------
Melee: Spear             ||    53
       Unarmed           ||     5
 Cast: Summon Small Mamm ||    16
       Call Imp          ||     5
       Call Canine Famil ||     2
  Use: Scroll            ||     2
       Potion            ||     2
 Stab: Distracted        ||     3
       Sleeping          ||     1
  Eat: Chunk             ||     1
